 Dungeon Crawl Stone Soup version 0.27.0-1-g7a089689b8 (webtiles) character file.

Game seed: 12384933176679479027

7204 Delamore the Slicer (level 11, -2/71 HPs)
             Began as an Octopode Brigand on Aug 7, 2021.
             Was an Initiate of Gozag.
             Killed from afar by a manticore (16 damage)
             ... with a volley of spikes
             ... on level 10 of the Dungeon.
             The game lasted 00:10:25 (10708 turns).

Delamore the Slicer (Octopode Brigand)             Turns: 10708, Time: 00:10:26

Health: -2/71      AC:  9    Str:  7    XL:     11   Next: 11%
Magic:  0/11       EV: 21    Int: 26    God:    Gozag
Gold:   694        SH:  0    Dex: 17    Spells: 10/10 levels left

rFire    + . .     SeeInvis .   A - +2 dagger (venom)
rCold    . . .     Faith    .   (no shield)
rNeg     + . .     Spirit   +   (helmet restricted)
rPois    .         Reflect  .   n - amulet of guardian spirit
rElec    +         Harm     .   i - ring of positive energy
rCorr    .         Rampage  .   j - +4 ring of protection
Will     +....                  p - +4 ring of protection
Stlth    +++++++...             C - +6 ring of intelligence
HPRegen  0.21/turn              h - ring of Vetih {rElec Will+ Str-3 Int+6 Stlth+}
MPRegen  0.12/turn              B - +4 ring of evasion
                                (no ring)
                                (no ring)

@: spiked, gold aura
A: almost no armour, amphibious, 8 rings, camouflage 1, gelatinous body 1,
(nimble swimmer 1), tentacles, fire resistance 1, mutation resistance 1
a: Renounce Religion, Potion Petition, Call Merchant, Bribe Branch


You were on level 10 of the Dungeon.
You worshipped Gozag.
Gozag was pleased with you.
You visited 2 branches of the dungeon, and saw 11 of its levels.

You collected 1814 gold pieces.
You spent 1044 gold pieces at shops.
You paid 76 gold pieces to Gozag.

Inventory:

Hand Weapons
 a - a +2 dagger
 y - a +2 short sword of venom
 A - a +2 dagger of venom (weapon)
Missiles
 b - 68 poisoned darts
 c - 2 curare-tipped darts (quivered)
 k - 10 boomerangs
 D - 2 throwing nets
 G - 5 silver javelins
Jewellery
 f - a ring of ice
 h - the ring of Vetih (on tentacle) {rElec Will+ Str-3 Int+6 Stlth+}
   (You bought it in a shop on level 9 of the Dungeon)

   [ring of intelligence]

   Str:       It affects your strength (-3).
   Int:       It affects your intelligence (+6).
   rElec:     It insulates you from electricity.
   Will:      It increases your willpower.
   Stlth:     It makes you more stealthy.
 i - a ring of positive energy (left tentacle)
 j - a +4 ring of protection (right tentacle)
 n - an amulet of guardian spirit (around mantle)
 p - a +4 ring of protection (on tentacle)
 r - a ring of wizardry
 B - a +4 ring of evasion (on tentacle)
 C - a +6 ring of intelligence (on tentacle)
Wands
 q - a wand of iceblast (9)
 s - a wand of charming (8)
 v - a wand of polymorph (9)
 x - a wand of flame (67)
Scrolls
 g - 2 scrolls of vulnerability
 o - a scroll of enchant armour
 z - a scroll of teleportation
Potions
 d - a potion of attraction {unknown}
 e - a potion of mutation
 l - 5 potions of lignification
 m - 2 potions of curing
 t - a potion of might
 u - a potion of flight {unknown}
 w - 2 potions of haste {unknown}
 E - a potion of ambrosia {unknown}
 F - a potion of brilliance {unknown}


   Skills:
 - Level 5.0 Fighting
 - Level 10.0 Short Blades
 - Level 6.0 Throwing
 + Level 7.9 Dodging
 - Level 10.0 Stealth
 + Level 6.6 Evocations


You had 10 spell levels left.
You didn't know any spells.
Your spell library contained the following spells:

 Spells                   Type           Power      Damage    Failure   Level
 Corona                   Hex            0%         N/A       13%         1
 Sting                    Tmut/Pois      0%         1d3       13%         1
 Blink                    Tloc           N/A        N/A       19%         2
 Ensorcelled Hibernation  Hex/Ice        0%         N/A       19%         2
 Poisonous Vapours        Pois/Air       0%         N/A       19%         2
 Gell's Gravitas          Tloc           0%         N/A       36%         3
 Lesser Beckoning         Tloc           0%         N/A       36%         3
 Teleport Other           Tloc           0%         N/A       36%         3
 Tukima's Dance           Hex            0%         N/A       36%         3
 Olgreb's Toxic Radiance  Pois           0%         N/A       77%         4
 Manifold Assault         Tloc           0%         N/A       98%         5


Dungeon Overview and Level Annotations

Branches:
Dungeon (10/15)            Temple (1/1) D:6            Lair (0/6) D:9
    Orc: D:9-12

Altars:
Ashenzari
Cheibriados
Dithmenos
Elyvilon
Fedhas
Gozag
Hepliaklqana
Kikubaaqudgha
Makhleb
Nemelex Xobeh
Okawaru
Qazlal
Ru
Sif Muna
Trog
Uskayaw
Vehumet
Wu Jian
Xom
Yredelemnul
Zin
The Shining One

Shops:
D:3 :   D:8 [   D:9 =

Annotations:
D:8 3 runed translucent doors, fram's ghost, novice FoWr


Innate Abilities, Weirdness & Mutations

You cannot wear most types of armour.
You are amphibious.
You can wear up to eight rings at the same time.
Your skin changes colour to match your surroundings (Stealth+).
Your rubbery body absorbs attacks. (AC +1, EV +1)
((You are camouflaged near water. (Stealth+)))
You have tentacles for arms and can constrict up to eight enemies at once.
Your flesh is heat resistant. (rF+)
You are somewhat resistant to further mutation.


Message History

You hit the manticore.
The manticore is heavily wounded.
The manticore completely misses you. The manticore closely misses you. x2
You barely miss the manticore.
The manticore is heavily wounded.
You closely miss the manticore. You squeeze the manticore.
The manticore is severely wounded.
The manticore completely misses you. The manticore claws you.
The manticore claws you but does no damage.
You hit the manticore.
The manticore looks as sick as possible!
The manticore is severely wounded.
You hit the manticore but do no damage.
The manticore looks as sick as possible!
The manticore is severely wounded.
The manticore bites you!
* * * LOW HITPOINT WARNING * * *
The manticore claws you but does no damage.
The manticore closely misses you.
You hit the manticore but do no damage.
The manticore looks as sick as possible!
The manticore is severely wounded.
You hit the manticore but do no damage.
The manticore is almost dead.
The manticore misses you. The manticore closely misses you.
The manticore barely misses you.
You barely miss the manticore.
The manticore is almost dead.
You hit the manticore but do no damage.
The manticore looks as sick as possible!
The manticore is almost dead.
The manticore bites you.
* * * LOW HITPOINT WARNING * * *
The manticore completely misses you. The manticore claws you.
* * * LOW HITPOINT WARNING * * *
The manticore flicks its tail.
The volley of spikes hits you!!
The barbed spikes become lodged in your body.
You die...
Your body crumbles into a pile of gold.

....#.#..(...#.##..########
#........#...##.........####
.##.#.##.#.#.#.##.........'...
.........$...#............####
.##.###.##.#.#.##.........#
...............##.........####
.####.###.##H#.##.............
###.###.##.#.##........#.###
........)..@......######..#.
.............###..##........
.............###.. #.....#..
...............##........###.
............#.##.###.....#..
............#..#.# ####.....
#####.......##.#.# #.....
.........##...# #.....
....##.#.###..# #..#..


You could see a manticore (extremely poisoned).

Vanquished Creatures
  A two-headed ogre (D:10)
  Urug (D:10)
  A cyclops (D:8)
  A centaur zombie (D:7)
  2 hornets (D:7)
  Prince Ribbit (D:7)
  A shadow (D:5)
  A wyvern (D:10)
  A yak (D:10)
  A steam dragon (D:7)
  4 vampire mosquitoes (D:10)
  Menkaure (D:4)
  2 water moccasins
  3 orc warriors
  An ice beast (D:5)
  2 sky beasts
  A black bear (D:3)
  A hornet zombie (D:7)
  A necrophage (D:5)
  An ogre (D:6)
  4 centaurs
  A phantom (D:6)
  3 kobold brigands
  4 scorpions
  4 bullfrogs
  A gnoll sergeant (D:10)
  4 wights
  2 bullfrog zombies (D:5)
  A jelly (D:5)
  4 hounds (D:5)
  Crazy Yiuf (D:3)
  2 orc priests
  3 bullfrog skeletons (D:6)
  4 iguanas
  Natasha (thrice) (D:2)
  7 orc wizards
  A hound skeleton (D:4)
  A howler monkey zombie (D:8)
  Robin (D:3)
  3 gnolls (D:10)
  2 howler monkey skeletons (D:5)
  10 adders
  2 ufetubi
  6 dart slugs
  17 orcs
  7 bats
  6 endoplasms
  3 giant cockroaches
  13 goblins
  8 hobgoblins
  6 jackals (D:2)
  3 quokkas
  7 ball pythons
  5 frilled lizards
  21 kobolds
  7 rats
205 creatures vanquished.

Vanquished Creatures (others)
  3 fungi (D:3)
  4 plants
7 creatures vanquished.

Grand Total: 212 creatures vanquished

Notes
Turn   | Place    | Note
-------+----------+-------------------------------------------
     0 | D:1      | Delamore the Octopode Brigand began the quest for the Orb.
     0 | D:1      | Reached XP level 1. HP: 14/14 MP: 1/1
    61 | D:1      | Reached XP level 2. HP: 19/19 MP: 2/2
   548 | D:1      | Reached XP level 3. HP: 22/25 MP: 3/3
  1365 | D:2      | Found a burning altar of Makhleb.
  1560 | D:2      | Noticed Natasha
  1565 | D:2      | Killed Natasha
  1566 | D:2      | Reached XP level 4. HP: 30/30 MP: 4/4
  1636 | D:2      | Noticed Natasha
  1645 | D:2      | Killed Natasha
  1646 | D:2      | Reached XP level 5. HP: 34/36 MP: 5/5
  1723 | D:2      | Noticed Natasha
  1730 | D:2      | Killed Natasha
  2278 | D:3      | Noticed Robin
  2406 | D:3      | Found a faded altar of an unknown god.
  2458 | D:3      | Noticed a black bear
  2467 | D:3      | Killed a black bear
  2468 | D:3      | Reached XP level 6. HP: 42/42 MP: 6/6
  2473 | D:3      | Found Bac Zogg's Book Emporium.
  2956 | D:3      | Found a runed translucent door.
  2957 | D:3      | Noticed Crazy Yiuf
  2965 | D:3      | Killed Crazy Yiuf
  2966 | D:3      | Reached skill level 5 in Short Blades
  3022 | D:3      | Killed Robin
  3751 | D:4      | Reached XP level 7. HP: 37/48 MP: 4/7
  4160 | D:4      | Noticed Menkaure
  4167 | D:4      | Killed Menkaure
  4374 | D:5      | Entered Level 5 of the Dungeon
  4418 | D:5      | Found a glowing silver altar of Zin.
  4514 | D:5      | Found a shadowy altar of Dithmenos.
  4851 | D:5      | Found a glowing golden altar of the Shining One.
  5000 | D:5      | Noticed a shadow
  5014 | D:5      | Reached XP level 8. HP: 22/54 MP: 4/8
  5080 | D:6      | Reached skill level 5 in Fighting
  5302 | D:6      | Reached skill level 5 in Dodging
  5359 | D:5      | Gained mutation: Your flesh is heat resistant. (rF+)
                  | [potion of mutation]
  5359 | D:5      | Gained mutation: You are somewhat resistant to further
                  | mutation. [potion of mutation]
  5370 | D:5      | Killed a shadow
  6224 | D:6      | Reached XP level 9. HP: 61/61 MP: 9/9
  6264 | D:6      | Found a shimmering altar of Xom.
  6342 | D:6      | Found a staircase to the Ecumenical Temple.
  6362 | Temple   | Entered the Ecumenical Temple
  6480 | Temple   | Became a worshipper of Gozag Ym Sagoz the Greedy
  7147 | D:7      | Noticed a hornet
  7156 | D:7      | Reached skill level 10 in Short Blades
  7168 | D:7      | Paralysed by a hornet for 1 turns
  7177 | D:7      | Killed a hornet
  7758 | D:7      | Reached skill level 10 in Stealth
  7766 | D:7      | Noticed Prince Ribbit
  7779 | D:7      | Killed Prince Ribbit
  7780 | D:7      | Reached skill level 1 in Evocations
  7906 | D:7      | Reached XP level 10. HP: 66/66 MP: 10/10
  8041 | D:7      | Paralysed by a hornet for 3 turns
  8284 | D:8      | Noticed a cyclops
  8285 | D:8      | Killed a cyclops
  8698 | D:8      | Found a runed translucent gate.
  8698 | D:8      | Found a runed translucent gate.
  8698 | D:8      | Found a runed translucent gate.
  8702 | D:8      | Noticed an 11-headed hydra
  8702 | D:8      | Noticed fram's ghost (novice FoWr)
  8702 | D:8      | Noticed a ten-headed hydra
  8703 | D:8      | Found Uxzeath's Armour Emporium.
  9111 | D:9      | Found a staircase to the Lair.
  9130 | D:9      | Found Judiuriy's Jewellery Shop.
  9174 | D:9      | Identified a scroll of acquirement
  9174 | D:9      | Acquired 870 gold pieces
  9176 | D:9      | Bought the ring of Vetih {rElec Will+ Str-3 Int+6 Stlth+}
                  | for 1044 gold pieces
  9606 | D:10     | Entered Level 10 of the Dungeon
  9922 | D:10     | Reached skill level 5 in Throwing
  9972 | D:10     | Reached skill level 5 in Evocations
 10178 | D:10     | Noticed a two-headed ogre
 10226 | D:10     | Killed a two-headed ogre
 10475 | D:10     | Noticed Urug
 10482 | D:10     | Killed Urug
 10483 | D:10     | Reached XP level 11. HP: 71/71 MP: 11/11
 10656 | D:10     | Noticed a manticore
 10708 | D:10     | Killed from afar by a manticore

Illustrated notes

Levels and vault maps discovered:
D:1:      lemuel_arrival_room, layout_loops_ring, serial_forest,
          infiniplex_forest_zigzag_2, infiniplex_forest_lined_2,
          infiniplex_forest_straight_2, infiniplex_forest_straight_2,
          infiniplex_forest_clump_curved, infiniplex_forest_clump_tiny,
          infiniplex_forest_lined_1, minmay_circled_x
D:2:      minmay_evil_eye, layout_rooms, basic_altar, uniq_natasha
D:3:      layout_basic, serial_shops, shop,
          ebering_ecumenical_altar_sacrificial, uniq_crazy_yiuf_cottage,
          uniq_robin
D:4:      layout_loops_corners, kennysheep_nondescript, minmay_unequal,
          uniq_menkaure
D:5:      minmay_recursive_quarters, layout_basic,
          mainiacjoe_overflow_cross_hatched, tso_metal_star,
          mainiacjoe_overflow_24_doors
D:6:      layout_cave_pools, xom_butterflies, temple_fountains,
          grunt_ministairs_8
D:7:      layout_loops_cross, uniq_prince_ribbit1
D:8:      layout_basic, serial_shops, shop_fountains, gammafunk_ghost_hydra_chop
D:9:      layout_roguey, lair_entry_dummy, serial_shops, kennysheep_little_box
D:10:     layout_basic, minmay_strange_pillars, minmay_diced_spiral, uniq_urug
Temple:   dpeg_five_rooms_temple

Skill      XL: |  1  2  3  4  5  6  7  8  9 10 |
---------------+-------------------------------+-----
Short Blades   | 3 4 5 6 9 10 | 10.0
Dodging        | 2 3 4 5 7 |  7.9
Fighting       | 3 4 5 |  5.0
Stealth        | 10 | 10.0
Evocations     | 1 6 |  6.6
Throwing       | 6 |  6.0

Action                   |  1- 3 |  4- 6 |  7- 9 | 10-12 || total
-------------------------+-------+-------+-------+-------++-------
Melee: Dagger            |    60 |   106 |   287 |   223 ||   676
       Constrict         |    13 |    21 |    39 |    31 ||   104
       Tentacles         |    10 |    20 |    76 |    64 ||   170
Throw: Dart              |       |    12 |     6 |     7 ||    25
  Use: Scroll            |     3 |     1 |     5 |     4 ||    13
       Potion            |       |       |     3 |     1 ||     4
 Stab: Sleeping          |    15 |    16 |    14 |    11 ||    56
       Distracted        |       |     2 |     2 |     2 ||     6
Armor: Skin              |     2 |     8 |    82 |    23 ||   115
Dodge: Dodged            |    28 |    42 |   156 |   123 ||   349
